 Dungeon Crawl Stone Soup version 0.19-a0-505-g8266cc7 (webtiles) character file.

103309 shmeve the Peltast (level 15, -6/142 (143) HPs)
             Began as a Minotaur Berserker on June 5, 2016.
             Was the Champion of Trog.
             Mangled by a 14-headed hydra (20 damage)
             ... on level 4 of the Swamp on June 6, 2016.
             The game lasted 01:14:32 (22196 turns).

shmeve the Peltast (Minotaur Berserker)            Turns: 22196, Time: 01:14:32

HP:   -6/142 (143)  AC: 33    Str: 32    XL:     15   Next: 88%
MP:   14/14         EV: 16    Int:  4    God:    Trog [******]
Gold: 776           SH: 16    Dex: 19    Spells: 0 memorised, 14 levels left

rFire  . . .     SeeInvis .     k - +6 war axe (elec)
rCold  x . .     Gourm    .     Q - +10 plate armour of the Solstice {rCorr Dex+5}
rNeg   . . .     Faith    .     S - +0 shield
rPois  +         Spirit   .     P - +2 hat of the High Council {Archmagi, Wiz- Stlth-}
rElec  .         Dismiss  .     X - +1 cloak
rCorr  +         Reflect  .     j - +1 pair of gloves {Str+3}
SustAt .         Harm     .     V - +0 pair of boots "Heqiefef" {rC- Dex+5}
MR     +....                    L - amulet of regeneration
Stlth  ..........               l - ring of poison resistance
                                w - ring of resist corrosion

@: somewhat resistant to hostile enchantments, extremely unstealthy
A: retaliatory headbutt, horns 2
a: Berserk, Trog's Hand, Brothers in Arms, Burn Spellbooks, Renounce Religion


You were on level 4 of the Swamp.
You worshipped Trog.
Trog was exalted by your worship.
You were not hungry.

You visited 4 branches of the dungeon, and saw 25 of its levels.
You also visited: Labyrinth, Sewer and Ossuary.

You collected 2289 gold pieces.
You spent 1513 gold pieces at shops.

Inventory:

Hand Weapons
 k - a +6 war axe of electrocution (weapon)
Missiles
 y - 2 javelins of penetration
 W - 6 steel javelins (quivered)
Armour
 j - a +1 pair of gloves of strength (worn)
 P - the +2 hat of the High Council (worn) {Archmagi, Wiz- Stlth-}
   (You found it on level 4 of the Lair of Beasts)

   It makes you less stealthy.
 Q - the +10 plate armour of the Solstice (worn) {rCorr Dex+5}
   (You bought it in a shop on level 9 of the Dungeon)

   It affects your dexterity (+5).
   It protects you from acid and corrosion.
 S - a +0 shield (worn)
 V - the +0 pair of boots "Heqiefef" (worn) {rC- Dex+5}
   (You found it on level 1 of the Lair of Beasts)

   It affects your dexterity (+5).
   It makes you vulnerable to cold.
 X - a +1 cloak (worn)
Jewellery
 l - a ring of poison resistance (right hand)
 w - a ring of resist corrosion (left hand)
 L - an amulet of regeneration (around neck)
Wands
 a - a wand of digging (15/24)
Scrolls
 b - a scroll of identify
 d - 2 scrolls of fear
 e - 5 scrolls of fog
 i - 6 scrolls of recharging
 n - 2 scrolls of summoning {unknown}
 t - a scroll of torment {unknown}
 u - 5 scrolls of teleportation
 v - 3 scrolls of magic mapping {unknown}
 F - 3 scrolls of enchant weapon {unknown}
 J - 5 scrolls of enchant armour
 N - 13 scrolls of remove curse
 R - 2 scrolls of noise {unknown}
Potions
 f - 2 potions of invisibility
 g - a potion of agility
 o - 4 potions of cure mutation
 p - 4 potions of haste
 q - 3 potions of brilliance
 s - 13 potions of curing
 x - 7 potions of heal wounds
 A - 5 potions of flight
 B - 2 potions of magic
 C - 9 potions of might
 H - a potion of resistance
 I - 4 potions of cancellation
Comestibles
 c - 15 bread rations
 h - 8 meat rations
 r - 5 slices of pizza
 T - 18 fruits
 U - 2 royal jellies


   Skills:
 * Level 15.9 Fighting
 * Level 15.8 Axes
 + Level 9.9 Throwing
 + Level 11.8 Armour
 + Level 10.6 Dodging
 * Level 16.0 Shields


You had 14 spell levels left.
You didn't know any spells.

Dungeon Overview and Level Annotations

Branches:
Dungeon (11/15)            Temple (0/1) D:5            Lair (8/8) D:11
  Swamp (4/4) Lair:3        Snake (0/4) Lair:3        Slime (0/6) Lair:7
    Orc (2/2) D:10            Elf (0/3) Orc:2

Altars:
Cheibriados
Fedhas
Pakellas
Qazlal
Trog
Uskayaw
Vehumet
Xom
Yredelemnul
The Shining One
Beogh
Jiyva

Shops:
D:4 :   D:6 *   D:8 [   D:9 *   D:11 (   Orc:2 ([(


Innate Abilities, Weirdness & Mutations

You reflexively headbutt those who attack you in melee.
You have a pair of horns on your head.


Message History

The 14-headed hydra bites you but does no damage.
The 14-headed hydra bites you.
* * * LOW HITPOINT WARNING * * *
The 14-headed hydra bites you but does no damage.
The 14-headed hydra closely misses you. The 14-headed hydra bites you.
* * * LOW HITPOINT WARNING * * *
The 14-headed hydra closely misses you. The 14-headed hydra barely misses you.
You continue eating.
The swamp dragon closely misses you.
The swamp dragon claws you but does no damage.
You block the swamp dragon's attack.
The spriggan rider hits you from afar with a spear.
* * * LOW HITPOINT WARNING * * *
The 14-headed hydra barely misses you. You furiously retaliate!
You headbutt the 14-headed hydra! The 14-headed hydra closely misses you.
The 14-headed hydra bites you but does no damage. x2
The 14-headed hydra barely misses you.
The 14-headed hydra bites you but does no damage.
The 14-headed hydra bites you!!
You die...

.≈≈.≈.≈≈...≈♣
.......♣../≈♣♣♣
.≈..≈..≈..≈.≈.♣♣ ♣♣♣ ♣♣.
.≈.≈..≈....k...♣♣≈.♣♣.D.
.....≈....≈≈....≈.§.D...
....≈≈..........≈≈.≈≈≈≈.
≈.≈.≈...≈...≈...≈.......
≈....≈....≈....≈...≈.
≈≈≈≈...§§.≈.†@D.≈≈≈.≈
...≈..≈.≈k§)D)..§..≈
..≈≈...≈.≈≈.i≈...≈≈
......≈..≈≈§≈.≈..≈?
.....≈.....≈≈....≈
≈≈.≈§≈.§.≈.≈≈≈.§.
..≈.♣..≈≈≈≈..≈§.
≈..≈≈.≈......≈..
≈...≈≈.....≈≈.≈


You could see a 14-headed hydra, 2 six-headed hydras, a swamp dragon, a spriggan
rider and 2 swamp drakes.

Vanquished Creatures
  2 thorn hunters (Swamp:3)
  Maud (Lair:8)
  The ghost of Akett the Impaler, a journeyman MfSk of Ashenzari (Lair:8)
  Snorg (D:11)
  A minotaur (Lab)
  A ghost crab (Swamp:3)
  10 hydras
  15 death yaks
  A catoblepas (Lair:8)
  9 alligators
  The ghost of Gospel the Black Sun, a novice DsNe of Kikubaaqudgha (D:7)
  4 swamp dragons
  2 hill giants
  2 shambling mangroves
  3 spriggan druids
  3 lindwurms
  10 orc knights (Orc:2)
  3 griffons
  An orc sorcerer (Orc:2)
  5 ugly things
  4 slime creatures (Swamp:3)
  A cyclops (D:11)
  3 hornets
  11 elephants
  5 black mambas
  A torpor snail (Lair:8)
  25 spiny frogs
  11 komodo dragons
  4 rime drakes
  7 giant leeches
  6 trolls
  21 blink frogs
  4 bog bodies
  2 boulder beetles (Lair:8)
  4 shadows
  A wyvern (D:7)
  Sigmund (D:4)
  3 spriggans
  A wraith (D:9)
  35 yaks
  A basilisk (Lair:8)
  6 hippogriffs
  11 vampire mosquitoes
  4 insubstantial wisps (Swamp:2)
  15 swamp worms
  6 wargs
  17 water moccasins
  Duvessa (D:5)
  11 porcupines
  3 sky beasts
  9 swamp drakes
  35 orc warriors
  3 black bears
  9 wasps
  10 ogres
  4 phantoms
  4 necrophages (Lair:5)
  11 centaurs
  20 wolves
  10 crocodiles
  Blork the orc (D:5)
  3 big kobolds
  2 elf zombies (Ossuary)
  21 giant frogs
  2 gnoll sergeants
  2 wyvern skeletons
  Dowan (D:5)
  A scorpion (D:7)
  16 killer bees
  9 wights
  An electric eel (D:7)
  4 howler monkeys (D:10)
  2 crimson imps
  2 human zombies (Ossuary)
  2 centaur zombies
  A quasit (D:5)
  3 giant frog zombies
  7 orc priests
  Crazy Yiuf (D:2)
  7 hounds
  A jelly (D:5)
  A giant frog skeleton (D:10)
  2 centaur skeletons
  12 orc wizards
  10 iguanas
  7 worker ants
  10 sheep
  2 big kobold zombies (Ossuary)
  A hound skeleton (D:4)
  2 mummies (Ossuary)
  2 worker ant zombies
  Robin (D:3)
  11 gnolls
  50 river rats
  18 adders
  2 shadow imps
  An ooze (D:3)
  4 adder zombies (Ossuary)
  An adder skeleton (D:9)
  7 worms
  5 dart slugs
  7 giant geckos
  77 orcs
  5 giant cockroaches
  19 goblins
  9 hobgoblins
  5 jackals
  25 kobolds
  9 ball pythons
  9 bats
  7 giant newts
  8 hobgoblin zombies (Ossuary)
  A jackal skeleton (D:4)
  6 kobold zombies (Ossuary)
  11 orc zombies (Ossuary)
  46 rats
  2 rat zombies (Ossuary)
  A spectral orc (D:6)
  7 briar patches (Swamp:3)
  A bush (Lair:7)
  16 fungi
  4 plants
929 creatures vanquished.

Vanquished Creatures (others)
  A spiny frog (Lair:8)
  An orc wizard (D:6)
  A lightning spire (D:5)
  A briar patch (Swamp:3)
  20 fungi
  8 plants
32 creatures vanquished.

Grand Total: 961 creatures vanquished

Notes
Turn   | Place    | Note
--------------------------------------------------------------
     0 | D:1      | shmeve the Minotaur Berserker began the quest for the Orb.
     0 | D:1      | Reached XP level 1. HP: 19/19 MP: 0/0
    37 | D:1      | Reached XP level 2. HP: 8/27 MP: 1/1
   822 | D:1      | Reached ** piety under Trog
   866 | D:2      | Found a glowing golden altar of the Shining One.
   874 | D:2      | Reached XP level 3. HP: 19/33 MP: 2/2
  1039 | D:2      | Reached skill level 1 in Throwing
  1242 | D:2      | Reached XP level 4. HP: 35/40 MP: 3/3
  1509 | D:2      | Noticed Crazy Yiuf
  1517 | D:2      | HP: 1/41 [Crazy Yiuf/quarterstaff of chaos (10)]
  1521 | D:2      | Killed Crazy Yiuf
  1994 | D:2      | Reached XP level 5. HP: 46/47 MP: 4/4
  2329 | D:3      | Noticed Robin
  2334 | D:3      | Reached *** piety under Trog
  2339 | D:3      | Killed Robin
  2410 | D:3      | Reached skill level 5 in Axes
  2749 | D:4      | Found Ragul Waibes's Book Emporium.
  2822 | D:4      | Reached skill level 5 in Fighting
  2827 | D:4      | Reached XP level 6. HP: 49/56 MP: 5/5
  2827 | D:4      | Reached **** piety under Trog
  3195 | D:4      | Noticed Sigmund
  3202 | D:4      | Killed Sigmund
  3262 | D:4      | Found a hide-covered altar of Uskayaw.
  3324 | D:5      | Entered Level 5 of the Dungeon
  3333 | D:5      | Reached XP level 7. HP: 62/62 MP: 6/6
  3382 | D:5      | Noticed Blork the orc
  3400 | D:5      | Killed Blork the orc
  3432 | D:5      | Noticed Dowan
  3433 | D:5      | Noticed Duvessa
  3452 | D:5      | Killed Dowan
  3452 | D:5      | Reached skill level 1 in Shields
  3460 | D:5      | Killed Duvessa
  3460 | D:5      | Reached skill level 3 in Shields
  3687 | D:5      | Found an oddly glowing altar of Pakellas.
  3688 | D:5      | Noticed a gargoyle
  3712 | D:5      | Found a staircase to the Ecumenical Temple.
  3739 | D:5      | Found a shimmering altar of Xom.
  3739 | D:5      | Found a blossoming altar of Fedhas.
  3797 | D:5      | Reached skill level 4 in Shields
  3869 | D:6      | Reached XP level 8. HP: 57/71 MP: 7/7
  4112 | D:6      | Found a glowing drain.
  4125 | Sewer    | Entered a sewer
  4155 | Sewer    | Reached ***** piety under Trog
  4157 | Sewer    | Reached skill level 5 in Shields
  4340 | Sewer    | Reached skill level 6 in Shields
  4672 | D:6      | Reached skill level 7 in Shields
  4745 | D:6      | Found a radiant altar of Vehumet.
  4947 | D:6      | Reached skill level 8 in Shields
  4984 | D:6      | Reached XP level 9. HP: 52/78 MP: 8/8
  5047 | D:6      | Reached skill level 5 in Armour
  5180 | D:6      | Received a gift from Trog
  5250 | D:6      | Found Popehex's Assorted Antiques.
  5440 | D:6      | Found a basalt altar of Yredelemnul.
  5557 | D:6      | Bought an encrusted glass ring for 165 gold pieces
  6205 | D:7      | Reached skill level 9 in Shields
  6267 | D:7      | Reached skill level 5 in Dodging
  6392 | D:7      | Noticed Gospel's ghost (novice DsNe)
  6409 | D:7      | Killed Gospel's ghost
  6409 | D:7      | Reached XP level 10. HP: 78/90 MP: 9/9
  6675 | D:8      | Received a gift from Trog
  6987 | D:8      | Found Iqurim's Antique Armour Boutique.
  7003 | D:8      | Found a sand-covered staircase.
  7062 | Ossuary  | Entered an ossuary
  7316 | D:8      | Reached skill level 5 in Throwing
  7638 | D:8      | Found a stormy altar of Qazlal.
  7680 | D:8      | Reached skill level 10 in Shields
  7877 | D:9      | Found Ricvarha's Assorted Antiques.
  8543 | D:9      | Found a snail-covered altar of Cheibriados.
  8543 | D:9      | Found a bloodstained altar of Trog.
  8609 | D:10     | Entered Level 10 of the Dungeon
  8957 | D:10     | Reached skill level 10 in Axes
  8979 | D:10     | Found a staircase to the Orcish Mines.
  8984 | D:10     | Noticed a hill giant
  8989 | D:10     | Killed a hill giant
  8989 | D:10     | Reached skill level 10 in Fighting
  8989 | D:10     | Reached XP level 11. HP: 75/99 MP: 10/10
  8996 | D:10     | Received a gift from Trog
  9255 | D:10     | Received a gift from Trog
  9485 | Orc:1    | Entered Level 1 of the Orcish Mines
 10010 | D:8      | Bought a topaz-encrusted chain mail for 323 gold pieces
 10010 | D:8      | Bought an embroidered cloak for 153 gold pieces
 10031 | D:8      | Identified the +3 chain mail of Gluttony {rPois Int+4} (You bought it in a shop on level 8 of the Dungeon)
 10112 | D:11     | Noticed a hill giant
 10122 | D:11     | Killed a hill giant
 10216 | D:11     | Reached skill level 11 in Shields
 10309 | D:11     | Noticed Snorg
 10323 | D:11     | Killed Snorg
 10365 | D:11     | Received a gift from Trog
 10488 | D:11     | Noticed a green ugly thing
 10496 | D:11     | Killed a green ugly thing
 10545 | D:11     | Found Alotazxie's Antique Weapon Boutique.
 10726 | D:11     | Found a staircase to the Lair.
 10813 | Lair:1   | Entered Level 1 of the Lair of Beasts
 10990 | Lair:1   | Got a pair of brightly glowing boots
 10996 | Lair:1   | Identified the cursed +0 pair of boots "Heqiefef" {rC- Dex+5} (You found it on level 1 of the Lair of Beasts)
 11885 | Lair:2   | Reached XP level 12. HP: 89/110 MP: 11/11
 11986 | Lair:2   | Received a gift from Trog
 12217 | Lair:3   | Noticed a six-headed hydra
 12227 | Lair:3   | Killed a six-headed hydra
 12227 | Lair:3   | Reached skill level 12 in Shields
 12339 | Lair:3   | Noticed a death yak
 12340 | Lair:3   | Noticed a death yak
 12340 | Lair:3   | Noticed a death yak
 12349 | Lair:3   | Killed a death yak
 12352 | Lair:3   | Killed a death yak
 12354 | Lair:3   | Killed a death yak
 12464 | Lair:3   | Noticed a four-headed hydra
 12474 | Lair:3   | Killed a five-headed hydra
 12632 | Lair:3   | Found a staircase to the Snake Pit.
 13048 | Lair:3   | Found a staircase to the Swamp.
 13053 | Lair:3   | Received a gift from Trog
 13544 | Lair:4   | Reached XP level 13. HP: 119/119 MP: 12/12
 13549 | Lair:4   | Received a gift from Trog
 13778 | Lair:4   | Found a labyrinth entrance.
 13879 | Lab      | Entered a labyrinth
 14795 | Lab      | Noticed a minotaur
 14805 | Lab      | Killed a minotaur
 14944 | Lair:4   | Reached skill level 13 in Shields
 15426 | Lair:5   | Reached skill level 10 in Armour
 16149 | Lair:6   | Received a gift from Trog
 16160 | Lair:6   | Reached ****** piety under Trog
 16620 | Lair:7   | Got a crude scale mail
 16631 | Lair:7   | Identified the +2 scale mail "Imiopt" {Dex+5} (You found it on level 7 of the Lair of Beasts)
 16850 | Lair:7   | Reached XP level 14. HP: 114/131 MP: 13/13
 17071 | Lair:7   | Found a viscous altar of Jiyva.
 17071 | Lair:7   | Found a staircase to the Slime Pits.
 17414 | Lair:8   | Entered Level 8 of the Lair of Beasts
 17628 | Lair:8   | Reached skill level 14 in Shields
 17674 | Lair:8   | Noticed Akett's ghost (journeyman MfSk)
 17705 | Lair:8   | Killed Akett's ghost
 17740 | Lair:8   | Noticed Maud
 17751 | Lair:8   | Killed Maud
 18060 | Lair:8   | Received a gift from Trog
 18889 | D:9      | Bought a transparent plate armour for 672 gold pieces
 18899 | D:9      | Identified the +10 plate armour of the Solstice {rCorr Dex+5} (You bought it in a shop on level 9 of the Dungeon)
 18963 | Orc:2    | Entered Level 2 of the Orcish Mines
 19213 | Orc:2    | Found a roughly hewn altar of Beogh.
 19230 | Orc:2    | Received a gift from Trog
 19260 | Orc:2    | Found Fyggamep's Armour Boutique.
 19337 | Orc:2    | Found Waifaul's Antique Weapon Emporium.
 19350 | Orc:2    | Received a gift from Trog
 19353 | Orc:2    | Reached skill level 15 in Fighting
 19530 | Orc:2    | Found a staircase to the Elven Halls.
 19551 | Orc:2    | Found Jushruoz's Book Emporium.
 19578 | Orc:2    | Found Fouravux's Antique Weapon Boutique.
 19584 | Orc:2    | Reached skill level 15 in Shields
 19597 | Orc:2    | Bought a crude hand axe for 200 gold pieces
 19597 | Orc:2    | Identified the +4 hand axe of Dissolution {chop, +Inv rC+ MR+ Int+5} (You bought it in a shop on level 2 of the Orcish Mines)
 19886 | D:11     | Reached XP level 15. HP: 140/140 MP: 14/14
 19969 | Swamp:1  | Entered Level 1 of the Swamp
 20027 | Swamp:1  | Reached skill level 15 in Axes
 20128 | Swamp:1  | Found a radiant altar of Vehumet.
 20606 | Swamp:2  | Received a gift from Trog
 20642 | Swamp:2  | Reached skill level 10 in Dodging
 20988 | Swamp:2  | Received a gift from Trog
 21231 | Swamp:3  | Noticed a thorn hunter
 21247 | Swamp:3  | Killed a thorn hunter
 21305 | Swamp:3  | Noticed a thorn hunter
 21319 | Swamp:3  | Killed a thorn hunter
 21983 | Swamp:3  | Reached skill level 16 in Shields
 22053 | Swamp:4  | Entered Level 4 of the Swamp
 22177 | Swamp:4  | Received a gift from Trog
 22196 | Swamp:4  | Mangled by a 14-headed hydra

Vault maps used:
D:1:      dpeg_arrival_erosion
D:2:      nicolae_overflow_crystal_walls, uniq_crazy_yiuf_cottage
D:3:      first_bread, supply_closet_lemuel, uniq_robin
D:4:      nicolae_overflow_hidden_temple, kennysheep_little_box, serial_shops,
          shop, uniq_sigmund
D:5:      overflow_temple_1_default, minmay_temple_entry_trees, basic_altar,
          gammafunk_pakellas_spire_experiment, uniq_blork_the_orc, uniq_duvessa
D:6:      nicolae_whirlpool, yredelemnul_forgotten_temple_becter,
          old_standard_altar, portal_sewer_entry_e, serial_shops,
          nicolae_shop_temple_entry_statues_fountains
D:7:      eino_tiny_chamber, nicolae_lava_and_water, the_bakery
D:8:      lightli_ossuary_entry_decrepit_ruins, serial_shops,
          nicolae_shop_crystal, basic_altar
D:9:      gammafunk_temple_overflow_statue, serial_shops, nicolae_shop_trees
D:10:     erik_orc_3
D:11:     grunt_lair_entry_orc_guard_hut, serial_shops, shop,
          minmay_misc_feat_diagonals, uniq_snorg
Lair:1:   lemuel_fruit_fields
Lair:2:   bh_autumn_forest_stairs
Lair:3:   beast_lair_carwin_large_2, minmay_swamp_entry_reptiles,
          minmay_snake_entry_six_corridors, serial_forest,
          infiniplex_forest_clump_medium, infiniplex_forest_diagonal,
          infiniplex_forest_lined_3_way, infiniplex_forest_clump_long,
          infiniplex_forest_lined_ring, infiniplex_forest_lined_corner,
          cheibrodos_lair_caveside_slide, serial_bayou_pond_e,
          infiniplex_staircase_pool
Lair:4:   lab_entry_generic, minivault_24, grunt_forest_stairs_basic,
          lemuel_fruit_fields
Lair:5:   roderic_carrion_pond, lemuel_fruit_tree
Lair:7:   dpeg_slime_entry_enclosed_altar, serial_bayou_lagoon_a
Lair:8:   hangedman_lair_in_review, serial_bayou_shore_b, uniq_maud
Swamp:1:  basic_altar
Swamp:2:  evilmike_swamp_ruin_rubble_2
Swamp:3:  hangedman_swamp_diagram, swamp_pool2
Swamp:4:  swamp_basic_johnstein, swamp_pool4, nicolae_swamp_alligator_family,
          uniq_donald
Orc:1:    portal_ice_cave_demonic_guard
Orc:2:    st_orc_town
Lab:      labyrinth_mini_lab, nicolae_lab_big_swirl, nicolae_lab_quarters
Sewer:    sewer_minmay_treatment
Ossuary:  ossuary_tomb_1

Skill      XL: |  1  2  3  4  5  6  7  8  9 10 11 12 13 14 15 |
---------------+----------------------------------------------+-----
Fighting       | 4 5 6 8 10 11 12 14 15 | 15.9
Axes           | 4 5 6 7 8 10 11 12 13 14 15 | 15.8
Throwing       | 1 2 3 4 5 6 7 8 9 |  9.9
Armour         | 3 4 6 8 9 10 11 | 11.8
Dodging        | 3 4 5 6 7 8 9 10 | 10.6
Shields        | 4 8 9 10 11 12 13 15 16 | 16.0

Action                   |  1- 3 |  4- 6 |  7- 9 | 10-12 | 13-15 || total
-------------------------+-------+-------+-------+-------+-------++-------
Melee: Hand axe          |    60 |   109 |   386 |    37 |       ||   592
       Headbutt          |    10 |    21 |    80 |   164 |   254 ||   529
       War axe           |       |       |       |   308 |   840 ||  1148
       Broad axe         |       |       |       |   451 |       ||   451
Throw: Tomahawk          |       |    24 |    31 |    10 |    34 ||    99
       Javelin           |       |       |       |       |    12 ||    12
Invok: Berserk           |       |     4 |     5 |    10 |    14 ||    33
       Burn Spellbooks   |       |     2 |     2 |     2 |     3 ||     9
       Trog's Hand       |       |       |       |     1 |       ||     1
Evoke: Wand              |       |     2 |     4 |    11 |     8 ||    25
  Use: Scroll            |       |     5 |       |       |    22 ||    27
  Eat: Chunk             |    11 |    13 |    12 |    29 |    31 ||    96
       Fruit             |       |       |       |       |    11 ||    11
       Beef jerky        |       |       |       |       |     2 ||     2
       Royal jelly       |       |       |       |       |     1 ||     1
Armor: Animal skin       |     4 |       |       |       |       ||     4
       Plate armour      |       |    83 |   207 |   210 |   213 ||   713
       Chain mail        |       |       |       |   132 |    85 ||   217
Dodge: Dodged            |    45 |    43 |   151 |   347 |   362 ||   948
Block: Buckler           |       |       |    87 |    94 |       ||   181
       Shield            |       |       |       |   350 |   583 ||   933
